 Dungeon Crawl Stone Soup version 0.27.0-1-g7a089689b8 (webtiles) character file.

Game seed: 12252593601019885422

45 sanka the Poker (level 3, 0/29 HPs)
             Began as a Mummy Abyssal Knight on Aug 1, 2021.
             Was a Follower of Lugonu.
             Killed from afar by Natasha (3 damage)
             ... with a magic dart
             ... on level 2 of the Dungeon.
             The game lasted 00:02:44 (1866 turns).

sanka the Poker (Mummy Abyssal Knight)              Turns: 1866, Time: 00:02:44

Health: 0/29       AC:  5    Str: 16    XL:     3   Next: 42%
Magic:  4/4        EV: 10    Int: 11    God:    Lugonu [*.....]
Gold:   26         SH:  0    Dex: 11    Spells: 2/2 levels left

rFire    x . .     SeeInvis .   a - +1 spear
rCold    + . .     Faith    .   (no shield)
rNeg     + + +     Spirit   .   g - +0 ring mail
rPois    ∞         Reflect  .   (no helmet)
rElec    .         Harm     .   (no cloak)
rCorr    .         Rampage  .   (no gloves)
Will     .....                  (no boots)
Stlth    +.........             (no amulet)
HPRegen  0.09/turn              (no ring)
MPRegen  0.09/turn              (no ring)

@: slowed, very slow
A: cold resistance 1, negative energy resistance 3, torment resistance 2, heat
vulnerability 1, no potions
a: Renounce Religion, Depart the Abyss


You were on level 2 of the Dungeon.
You worshipped Lugonu.
Lugonu was aware of your devotion.
You visited 1 branch of the dungeon, and saw 2 of its levels.
You visited the Abyss 1 time.

You collected 26 gold pieces.


Innate Abilities, Weirdness & Mutations

You are immune to poison.
Your flesh is cold resistant. (rC+)
You are immune to negative energy. (rN+++)
You are immune to unholy pain and torment.
You are vulnerable to heat. (rF-)
You do not drink.


   Skills:
 - Level 3.0 Fighting
 + Level 3.2 Polearms
 - Level 1.5 Armour
 - Level 0.7 Dodging
 - Level 1.5 Invocations


You had 2 spell levels left.
You didn't know any spells.
Your spell library contained the following spells:

 Spells                   Type           Power      Damage    Failure   Level
 Animate Skeleton         Necr           0%         N/A       54%         1
 Pain                     Necr           0%         1d4       54%         1
 Static Discharge         Conj/Air       0%         N/A       69%         2
 Gell's Gravitas          Tloc           0%         N/A       89%         3
 Lesser Beckoning         Tloc           0%         N/A       89%         3
 Ozocubu's Armour         Ice            0%         N/A       89%         3
 Teleport Other           Tloc           0%         N/A       89%         3
 Vampiric Draining        Necr           0%         2d6       89%         3
 Dispel Undead            Necr           0%         3d6       100%        4
 Sticky Flame             Conj/Fire      0%         2d3       100%        4
 Metabolic Englaciation   Hex/Ice        0%         N/A       100%        5
 Simulacrum               Ice/Necr       0%         N/A       100%        6

Inventory:

Hand Weapons
 a - a +1 spear (weapon)
Armour
 b - a +0 leather armour
 g - a +0 ring mail (worn)
Scrolls
 c - a scroll of amnesia {unknown}
 d - 4 scrolls of identify {unknown}
 e - 2 scrolls of fog {unknown}
 f - a scroll of brand weapon {unknown}
 h - a scroll of acquirement {unknown}
 i - a scroll of teleportation {unknown}

Dungeon Overview and Level Annotations

Branches:
Dungeon (2/15)

Altars:

Shops:
D:2 (

Annotations:
D:2 Natasha

▒..▒▒ ▒.▒▒.▒.▒
....▒▒ ▒▒▒.▒▒.▒.▒
.....▒▒▒▒......▒.▒
...............▒.▒
......▒▒.......▒.▒
......▒▒▒......▒.▒
......▒ ▒......▒.▒
▒▒....▒ ▒......▒.▒
#▒▒..▒▒ ▒......▒M▒
≈≈▒▒.▒▒
▒........h....▒
▒≈≈▒▒.▒
▒........▒▒▒▒.▒
[▒≈≈▒▒▒ ▒.........
▒.▒≈≈▒▒ ▒▒▒▒.▒▒▒!▒
...▒≈≈▒▒ ▒. ▒.▒
▒.▒.▒≈#▒ . ▒.▒
.▒...▒#▒ ▒ ...
▒.▒.▒##▒


You could see Natasha.


Message History

* * * LOW HITPOINT WARNING * * *
Unknown command.
You hit Natasha.
Natasha is severely wounded.
Natasha barely misses you. Natasha barely misses you.
Unknown command.
You closely miss Natasha.
Natasha is severely wounded.
Natasha claws you.
* * * LOW HITPOINT WARNING * * *
Use which ability? (? or * to list)
Okay, then.
You barely miss Natasha.
Natasha is severely wounded.
Natasha closely misses you.
Natasha stares at you and mumbles some strange words.
The magic dart hits you.
* * * LOW HITPOINT WARNING * * *
Unknown command.
You closely miss Natasha.
Natasha is severely wounded.
Natasha stares at you and mumbles some strange words.
The magic dart hits you.
* * * LOW HITPOINT WARNING * * *
You hit Natasha.
Natasha is almost dead.
Natasha stares at you and mumbles some strange words.
The magic dart hits you.
You die...

Action                   || total
-------------------------++-------
Melee: Spear             ||   146
Invok: Depart the Abyss  ||     1
Armor: Ring mail         ||    39
       Leather armour    ||     2
Dodge: Dodged            ||    57

Levels and vault maps discovered:
D:1:      amcnicky_arrival_feature_with_door, layout_basic,
          ebering_ecumenical_altar_abandoned
D:2:      layout_rooms, serial_shops, shop, minmay_misc_feat_enclosed,
          minmay_misc_feat_roman, minmay_misc_feat_four_crosses,
          hangedman_abyss_or_decor_stabs, kennysheep_cluttered_room,
          kennysheep_cross_room, uniq_natasha

Notes
Turn   | Place    | Note
-------+----------+-------------------------------------------
     0 | Abyss:1  | sanka the Mummy Abyssal Knight began the quest for the Orb.
     0 | Abyss:1  | Reached XP level 1. HP: 18/18 MP: 2/2
    60 | Abyss:1  | Noticed a quasit
    73 | D:1      | Escaped the Abyss
   243 | D:1      | Found a faded altar of an unknown god.
   249 | D:1      | Reached skill level 2 in Polearms
   370 | D:1      | Reached * piety under Lugonu
   371 | D:1      | Reached XP level 2. HP: 24/24 MP: 3/3
  1206 | D:2      | Found Buecw's Antique Weapon Emporium.
  1213 | D:2      | Reached XP level 3. HP: 26/29 MP: 4/4
  1374 | D:2      | Reached skill level 3 in Polearms
  1852 | D:2      | Noticed Natasha
  1866 | D:2      | Killed from afar by Natasha

Vanquished Creatures
  A worm (D:2)
  A dart slug (D:1)
  A ball python (D:1)
  4 endoplasms
  2 giant cockroaches (D:1)
  6 goblins
  5 hobgoblins
  4 jackals (D:2)
  3 bats
  A frilled lizard (D:1)
  4 kobolds
  2 rats
34 creatures vanquished.
